 Dungeon Crawl Stone Soup version 0.26.0-20-g3ca415f5b8 (webtiles) character file.

Game seed: 1132028533775629852

665 pokeman the Thaumaturge (level 7, -10/38 HPs)
             Began as a Deep Elf Hedge Wizard on Jan 26, 2021.
             Was an Initiate of Vehumet.
             Killed from afar by a white imp (11 damage)
             ... with a puff of frost
             ... on level 5 of the Dungeon.
             The game lasted 00:11:14 (4994 turns).

pokeman the Thaumaturge (Deep Elf Hedge Wizard)     Turns: 4994, Time: 00:11:14

Health: -10/38     AC:  3    Str:  7    XL:     7   Next: 31%
Magic:  13/29      EV: 12    Int: 21    God:    Vehumet [......]
Gold:   198        SH:  0    Dex: 14    Spells: 11/22 levels left

rFire    . . .     SeeInvis .   o - +2 quarterstaff (chaos)
rCold    . . .     Faith    .   (shield currently unavailable)
rNeg     . . .     Spirit   .   j - +0 troll leather armour
rPois    .         Reflect  .   u - +1 helmet
rElec    .         Harm     .   p - +0 cloak
rCorr    .         Rampage  .   (no gloves)
Will     .....                  (no boots)
Stlth    ++........             (no amulet)
HPRegen  0.52/turn              f - -4 ring of protection (curse)
MPRegen  0.21/turn              a - ring of magical power

@: very slightly contaminated
A: no striking features
a: Renounce Religion


You were on level 5 of the Dungeon.
You worshipped Vehumet.
Vehumet was noncommittal.
You visited 2 branches of the dungeon, and saw 6 of its levels.

You collected 198 gold pieces.

Inventory:

Hand Weapons
 o - a +2 quarterstaff of chaos (weapon)
Missiles
 c - 41 bolts
 h - 108 arrows
Armour
 j - a +0 troll leather armour (worn)
 p - a +0 cloak (worn)
 u - a +1 helmet (worn)
 A - a +0 buckler
Jewellery
 a - a ring of magical power (right hand)
 f - a cursed -4 ring of protection (left hand)
 l - an uncursed ring of poison resistance
 x - an uncursed ring of positive energy
Wands
 v - a wand of acid (11)
 B - a wand of flame (12)
Scrolls
 b - 5 scrolls of identify {unknown}
 g - 3 scrolls of amnesia {unknown}
 i - a scroll of teleportation {unknown}
 k - a scroll of noise {unknown}
 n - 2 scrolls of enchant armour {unknown}
 r - 2 scrolls of remove curse {unknown}
 s - 2 scrolls of fog {unknown}
Potions
 d - 2 potions of heal wounds {unknown}
 e - a potion of mutation {unknown}
 m - 4 potions of curing {unknown}
 q - 2 potions of brilliance {unknown}
 t - 2 potions of might {unknown}
 w - 4 potions of flight {unknown}
 z - a potion of degeneration {unknown}
Miscellaneous
 y - a tin of tremorstones (2/2)


   Skills:
 - Level 1.0 Fighting
 - Level 1.0 Armour
 - Level 3.3 Dodging
 - Level 3.2 Stealth
 + Level 1.1 Shields
 * Level 8.0 Spellcasting
 + Level 4.0 Conjurations
 - Level 1.1 Summonings
 - Level 1.1 Translocations
 + Level 2.0 Fire Magic
 - Level 1.0 Air Magic
 - Level 1.0 Poison Magic
 - Level 1.0 Evocations


You had 11 spell levels left.
You knew the following spells:

 Your Spells              Type           Power        Failure   Level
a - Magic Dart            Conj           100%         2%          1
b - Mephitic Cloud        Conj/Pois/Air  16%          16%         3
c - Call Imp              Summ           13%          11%         2
d - Blink                 Tloc           N/A          11%         2
e - Conjure Flame         Conj/Fire      21%          10%         3

Your spell library contained the following spells:

 Spells                   Type           Power        Failure   Level
 Slow                     Hex            8%           17%         2


Dungeon Overview and Level Annotations

Branches:
Dungeon (5/15)             Temple (1/1) D:4

Altars:
Ashenzari
Cheibriados
Dithmenos
Elyvilon
Fedhas
Hepliaklqana
Makhleb
Nemelex Xobeh
Ru
Vehumet
Wu Jian
Yredelemnul
Zin
The Shining One


Message History

* * * LOW HITPOINT WARNING * * *
The orc barely misses you.
Casting: Magic Dart (safe; 2% risk of failure)
Confirm with . or Enter, or press ? or * to list all spells.
You blink.
Found 6 gold pieces and a scroll labelled VOIDEE CERESA.
Unknown command.
Casting: Blink (safe; 11% risk of failure)
Confirm with . or Enter, or press ? or * to list all spells.
You miscast Call Imp.
Nothing appears to happen.
The white imp gestures at you. The puff of frost hits you!
* * * LOW HITPOINT WARNING * * *
Unknown command.
Casting: Call Imp (safe; 11% risk of failure)
Confirm with . or Enter, or press ? or * to list all spells.
A beastly little devil appears in a puff of flame.
The white imp gestures at you. The puff of frost hits you!
You die...

?........
.....#..###
..........#
#........####...
##..............#
#...............##
#.......5...#...#
#..@.#.......#
#...##...#..#
...#.5o...##.##
#... ###.##.....#
... #.......<# #$
#....##..# #
#..####### ####


You could see a white imp, an orc and a friendly crimson imp (summoned).

Vanquished Creatures
  An ogre (D:4)
  An ice beast (D:4)
  Blork the orc (D:4)
  2 hounds
  A bullfrog skeleton (D:5)
  Jessica (D:3)
  A worker ant (D:4)
  4 gnolls (D:3)
  5 adders
  An adder skeleton (D:5)
  6 leopard geckos
  An orc (D:4)
  2 ball pythons
  A giant cockroach (D:4)
  13 goblins
  9 hobgoblins
  7 jackals
  7 kobolds
  10 bats
  8 frilled lizards
  A leopard gecko skeleton (D:4)
  6 rats
89 creatures vanquished.

Vanquished Creatures (collateral kills)
  A dream sheep (shapeshifter) (D:3)
  Crazy Yiuf (D:2)
  A jelly (D:4)
3 creatures vanquished.

Vanquished Creatures (others)
  A centaur (D:5)
  A worker ant (D:5)
  An ufetubus (D:5)
3 creatures vanquished.

Grand Total: 95 creatures vanquished

Notes
Turn   | Place    | Note
-------+----------+-------------------------------------------
     0 | D:1      | pokeman the Deep Elf Hedge Wizard began the quest for the
                  | Orb.
     0 | D:1      | Reached XP level 1. HP: 10/10 MP: 7/7
   341 | D:1      | Reached XP level 2. HP: 16/16 MP: 6/9
  1091 | D:1      | Reached skill level 5 in Spellcasting
  1410 | D:2      | Reached XP level 3. HP: 20/20 MP: 8/11
  1414 | D:2      | Learned a level 3 spell: Mephitic Cloud
  1417 | D:2      | Learned a level 2 spell: Call Imp
  1420 | D:2      | Learned a level 2 spell: Blink
  1425 | D:2      | Learned a level 3 spell: Conjure Flame
  1627 | D:2      | Found a runed translucent door.
  1628 | D:2      | Noticed Crazy Yiuf
  1643 | D:2      | Killed Crazy Yiuf
  1644 | D:2      | Reached skill level 1 in Fighting
  1738 | D:2      | Reached skill level 1 in Armour
  2294 | D:2      | Reached XP level 4. HP: 14/25 MP: 12/13
  2846 | D:3      | Found a glowing golden altar of the Shining One.
  3105 | D:3      | Noticed Jessica
  3111 | D:3      | Killed Jessica
  3112 | D:3      | Reached skill level 1 in Fire Magic
  3121 | D:3      | Noticed a shapeshifter
  3121 | D:3      | a worm changed into a shapeshifter
  3121 | D:3      | Noticed a queen bee
  3121 | D:3      | a shapeshifter changed into a queen bee
  3151 | D:3      | Noticed a jumping spider
  3151 | D:3      | a queen bee changed into a jumping spider
  3256 | D:3      | Noticed a faun
  3264 | D:3      | Noticed a dream sheep
  3264 | D:3      | a faun changed into a dream sheep
  3267 | D:3      | Killed a dream sheep
  3268 | D:3      | Reached skill level 6 in Spellcasting
  3268 | D:3      | Reached skill level 1 in Air Magic
  3268 | D:3      | Reached XP level 5. HP: 29/29 MP: 12/15
  3431 | D:3      | Reached XP level 6. HP: 34/34 MP: 14/17
  3838 | D:4      | Found a staircase to the Ecumenical Temple.
  3851 | Temple   | Entered the Ecumenical Temple
  3872 | Temple   | Became a worshipper of Vehumet
  3944 | D:4      | Noticed an ice beast
  4027 | D:4      | Reached skill level 1 in Poison Magic
  4057 | D:4      | Reached skill level 7 in Spellcasting
  4088 | D:4      | Reached skill level 1 in Evocations
  4180 | D:4      | Killed an ice beast
  4403 | D:4      | Reached XP level 7. HP: 38/38 MP: 20/20
  4709 | D:4      | Found a burning altar of Makhleb.
  4862 | D:5      | Entered Level 5 of the Dungeon
  4862 | D:5      | Found a broken altar of Ashenzari.
  4862 | D:5      | Found a sparkling altar of Nemelex Xobeh.
  4862 | D:5      | Found a blossoming altar of Fedhas.
  4862 | D:5      | Found a hazy altar of Hepliaklqana.
  4862 | D:5      | Noticed Blork the orc
  4883 | D:4      | Killed Blork the orc
  4965 | D:5      | Reached skill level 1 in Shields
  4990 | D:5      | Reached skill level 8 in Spellcasting
  4993 | D:5      | HP: 1/38 [white imp/puff of frost (10)]
  4994 | D:5      | Killed from afar by a white imp

Illustrated notes

Levels and vault maps discovered:
D:1:      wander_arrival_desolate, layout_loops_corners
D:2:      layout_basic, minmay_lizard_pond, uniq_crazy_yiuf_cottage
D:3:      layout_loops_ring, tso_metal_star, uniq_jessica
D:4:      minmay_clustersquares, layout_basic, old_standard_altar,
          minmay_temple_entry_large_hall, chequers_arboretum
D:5:      layout_cave_pools, grunt_temple_overflow_open, led_sif_book,
          marbit_many_paths, xom_confusion_cloud, uniq_blork_the_orc
Temple:   eino_temple_lava

Skill      XL: |  1  2  3  4  5  6  7 |
---------------+----------------------+-----
Spellcasting   | 5 6 7 8 |  8.0
Fighting       | 1 |  1.0
Conjurations   | 2 3 4 |  4.0
Armour         | 1 |  1.0
Fire Magic     | 1 2 |  2.0
Dodging        | 3 |  3.3
Air Magic      | 1 |  1.0
Poison Magic   | 1 |  1.0
Stealth        | 3 |  3.2
Evocations     | 1 |  1.0
Shields        | 1 |  1.1
Summonings     | |  1.1
Translocations | |  1.1

Action                   |  1- 3 |  4- 6 |  7- 9 || total
-------------------------+-------+-------+-------++-------
Melee: Quarterstaff      |       |    26 |     3 ||    29
 Cast: Magic Dart        |    96 |    95 |    18 ||   209
       Mephitic Cloud    |     1 |     8 |     1 ||    10
       Call Imp          |     1 |     6 |     2 ||     9
       Conjure Flame     |       |     3 |     2 ||     5
       Blink             |       |       |     2 ||     2
 Stab: Confused          |       |     2 |       ||     2
       Paralysed         |       |     2 |       ||     2
Armor: Troll leather arm |       |    14 |     3 ||    17
Dodge: Dodged            |     6 |    33 |     9 ||    48
